 Dungeon Crawl Stone Soup version 0.22.1-2-g9c5b331 (webtiles) character file.

115 Yoni the Covered (level 5, -12/37 HPs)
             Began as a Human Fighter on Dec 20, 2018.
             Was an Initiate of Zin.
             Killed from afar by an orc wizard (21 damage)
             ... with an exploding inner flame
             ... hexed by the player character
             ... on level 4 of the Dungeon.
             The game lasted 00:17:37 (2325 turns).

Yoni the Covered (Human Fighter)                    Turns: 2325, Time: 00:17:38

Health: -12/37     AC:  8    Str: 18    XL:     5   Next: 20%
Magic:  5/5        EV:  7    Int:  9    God:    Zin [......]
Gold:   29         SH:  9    Dex: 12    Spells: 4/4 levels left

rFire    . . .     SeeInvis .   a - +0 long sword
rCold    . . .     Gourm    .   c - +0 shield
rNeg     . . .     Faith    .   b - +1 scale mail
rPois    .         Spirit   .   (helmet restricted)
rElec    .         Reflect  .   (no cloak)
rCorr    .         Harm     .   (no gloves)
MR       .....                  (no boots)
Stlth    ..........             (no amulet)
HPRegen  0.12/turn              j - ring of attention (curse)
MPRegen  0.09/turn              (no ring)

@: mighty
A: antennae 1, frail 1, weak 2
a: Donate Gold, Renounce Religion


You were on level 4 of the Dungeon.
You worshipped Zin.
Zin was noncommittal.
You were not hungry.

You visited 1 branch of the dungeon, and saw 4 of its levels.

You collected 46 gold pieces.
You donated 17 gold pieces to Zin.

Inventory:

Hand Weapons
 a - a +0 long sword (weapon)
 h - a +0 hunting sling
Missiles
 i - 44 stones (quivered)
Armour
 b - a +1 scale mail (worn)
 c - a +0 shield (worn)
Jewellery
 j - a cursed ring of attention (left hand)
Scrolls
 g - a scroll of identify
 k - a scroll of enchant armour
 l - a scroll of magic mapping
Potions
 e - 2 potions of flight
Comestibles
 f - 4 rations
 o - a chunk of flesh


   Skills:
 + Level 3.6 Fighting
 + Level 2.8 Long Blades
 + Level 3.7 Armour
 + Level 0.7 Dodging
 + Level 0.2 Stealth
 + Level 3.7 Shields


You had 4 spell levels left.
You didn't know any spells.
Your spell library was empty.

Dungeon Overview and Level Annotations

Branches:
Dungeon (4/15)
 Temple: D:4-7

Altars:
Ashenzari
Cheibriados
Dithmenos
Hepliaklqana
Xom
Zin


Innate Abilities, Weirdness & Mutations

You have a pair of small antennae on your head.
You are frail. (-10% HP)
You are very weak. (Str -4)


Message History

You miss the orc wizard.
The orc wizard is severely wounded.
The orc wizard hits you but does no damage.
You bump into the rock wall.
The orc wizard hits you but does no damage.
You bump into the rock wall.
The orc wizard hits you but does no damage.
You bump into the rock wall.
The orc wizard hits you but does no damage.
You miss the orc wizard.
The orc wizard is severely wounded.
You feel less confused.
The orc wizard hits you but does no damage.
The orc wizard closely misses you.
You riposte.
You barely miss the orc wizard.
The orc wizard is severely wounded.
You slash the orc wizard!
The orc wizard explodes!
The fiery explosion engulfs you!
Ouch! That really hurt!
You die...

.# . ##. #..
#.# # #$# .#
#.# #######.##
#.#
##..o....##
#@#
##oo.##.###§
#§#
##.###.#.#§§§
#o#
##.###..<....§
#o###.##
#.###..§§
#...o.# #
#.##§ #####.#
#.### ##.# ..#
# #.# .### #..
.[


You could see 2 orcs.

Vanquished Creatures
  An orc wizard (D:4)
  3 adders
  An ooze (D:3)
  A worm (D:2)
  3 leopard geckos
  A ball python (D:3)
  2 bats
  2 giant cockroaches
  3 hobgoblins (D:1)
  3 jackals (D:1)
  7 kobolds
  A quokka (D:2)
  16 frilled lizards
  7 goblins
  4 rats
  2 plants (D:2)
57 creatures vanquished.

Notes
Turn   | Place    | Note
-------+----------+-------------------------------------------
     0 | D:1      | Yoni the Human Fighter began the quest for the Orb.
     0 | D:1      | Reached XP level 1. HP: 18/18 MP: 1/1
   413 | D:1      | Reached XP level 2. HP: 24/24 MP: 2/2
   594 | D:2      | Reached XP level 3. HP: 29/29 MP: 3/3
  1159 | D:2      | Reached XP level 4. HP: 18/35 MP: 4/4
  1697 | D:2      | Gained mutation: You are weak. (Str -2) [potion of
                  | mutation]
  1697 | D:2      | Gained mutation: You are frail. (-10% HP) [potion of
                  | mutation]
  1697 | D:2      | Gained mutation: You are very weak. (Str -4) [potion of
                  | mutation]
  1697 | D:2      | Gained mutation: You have a pair of small antennae on your
                  | head. [potion of mutation]
  1924 | D:2      | Found a hazy altar of Hepliaklqana.
  1933 | D:2      | Found a shimmering altar of Xom.
  1933 | D:2      | Found a glowing silver altar of Zin.
  1934 | D:2      | Found a shattered altar of Ashenzari.
  1968 | D:2      | Became a worshipper of Zin the Law-Giver
  1970 | D:2      | Donated 13 gold pieces to Zin
  2057 | D:3      | Found a shadowy altar of Dithmenos.
  2197 | D:3      | Found a snail-covered altar of Cheibriados.
  2247 | D:4      | Found a shadowy altar of Dithmenos.
  2289 | D:4      | Reached XP level 5. HP: 13/37 MP: 5/5
  2325 | D:4      | Killed from afar by an orc wizard

Action                   |  1- 3 |  4- 6 || total
-------------------------+-------+-------++-------
Melee: Long sword        |    92 |   205 ||   297
Invok: Donate Gold       |       |     1 ||     1
  Use: Scroll            |     4 |     4 ||     8
       Potion            |       |     4 ||     4
  Eat: Chunk             |       |     3 ||     3
       Ration            |       |     1 ||     1
Armor: Scale mail        |    40 |    95 ||   135
Dodge: Dodged            |    27 |    42 ||    69
Block: Shield            |    52 |    71 ||   123
       Rpst.: Long sword |     9 |    14 ||    23
